 Dungeon Crawl Stone Soup version 0.28.0-53-g5a82cb258f (webtiles) character file.

Game seed: 7323269683250317422

8 sanboga the Skirmisher (level 2, 25/27 HPs)
             Began as a Minotaur Berserker on July 11, 2022.
             Was a Follower of Trog.
             Quit the game on level 1 of the Dungeon.
             The game lasted 00:00:13 (355 turns).

sanboga the Skirmisher (Minotaur Berserker)          Turns: 355, Time: 00:00:14

Health: 25/27      AC:  2    Str: 21    XL:     2   Next: 0%
Magic:  1/1        EV: 12    Int:  4    God:    Trog [*.....]
Gold:   0          SH:  0    Dex:  9    Spells: 1/1 levels left

rFire   . . .      SeeInvis .     - Unarmed
rCold   . . .      Faith    .   (no shield)
rNeg    . . .      Spirit   .   a - +0 animal skin
rPois   .          Reflect  .   (helmet restricted)
rElec   .          Harm     .   (no cloak)
rCorr   .          Rampage  .   (no gloves)
Will    .....                   (no boots)
Stlth   +.........              (no amulet)
HPRegen 0.09/turn               (no ring)
MPRegen 0.07/turn               (no ring)

@: no status effects
A: horns 2, retaliatory headbutt
a: Renounce Religion, Berserk


You were on level 1 of the Dungeon.
You worshipped Trog.
Trog was aware of your devotion.
You visited 1 branch of the dungeon, and saw 1 of its levels.

Inventory:

Armour
 a - a +0 animal skin (worn)
Potions
 b - a potion of magic {unknown}
 c - a potion of flight {unknown}
 d - a potion of haste {unknown}


   Skills:
 + Level 3.8 Fighting
 + Level 2.6 Armour
 + Level 2.4 Dodging
 + Level 3.4 Unarmed Combat


You had one spell level left.
You didn't know any spells.
Your spell library was empty.

Dungeon Overview and Level Annotations

Branches:
Dungeon (1/15)

Altars:


Innate Abilities, Weirdness & Mutations

You have a pair of horns on your head.
You reflexively headbutt those who attack you in melee.


Message History

You closely miss the jackal. The jackal bites you.
The jackal barely misses you.
The jackal bites you but does no damage.
You closely miss the jackal. Your punch misses the jackal.
The jackal bites you but does no damage.
The jackal bites you.
* * * LOW HITPOINT WARNING * * *
The jackal closely misses you.
You hit the jackal.
The jackal is severely wounded.
The jackal misses you. You furiously retaliate!
You headbutt the jackal!
You kill the jackal!
Trog accepts your kill. The jackal closely misses you.
The jackal barely misses you.
You barely miss the jackal. You headbutt the jackal.
You kill the jackal!
Trog accepts your kill. The jackal barely misses you. You furiously retaliate!
You headbutt the jackal.
You kill the jackal!
Trog accepts your kill.
c - a fizzy red potion You see here a jackal skeleton.
d - a grey potion You see here a jackal skeleton.
A hobgoblin comes into view.
A hobgoblin is nearby!
A hobgoblin is nearby!
The hobgoblin shouts!
The hobgoblin hits you.
You hit the hobgoblin. Your headbutt misses the hobgoblin.
The hobgoblin is almost dead.
The hobgoblin closely misses you.
You hit the hobgoblin but do no damage. Your headbutt misses the hobgoblin.
The hobgoblin is almost dead.
The hobgoblin misses you.
You closely miss the hobgoblin. You headbutt the hobgoblin.
You kill the hobgoblin!
Trog accepts your kill.
You have reached level 2!
Are you sure you want to abandon this character and quit the game? (Confirm with "yes".)

..### ###..# #♣<....8≈##
.....##...###♣.#P♣..≈≈≈# #
#.(...#..###P#P♣....+
#.###.####.....#############
..........÷.....$.....#
..###......÷#..........
#..###..#.^......# #..
#..#......## ....
...#..@...# ..##.
...##.........# .##
#....###......#### .....
#......# ... #......#
#......# ........ ##########


There were no monsters in sight!

Vanquished Creatures
  A ball python (D:1)
  A hobgoblin (D:1)
  4 jackals (D:1)
6 creatures vanquished.

Notes
Turn   | Place    | Note
-------+----------+-------------------------------------------
     0 | D:1      | sanboga the Minotaur Berserker began the quest for the Orb.
     0 | D:1      | Reached XP level 1. HP: 19/19 MP: 0/0
   355 | D:1      | Reached XP level 2. HP: 25/27 MP: 1/1
   355 | D:1      | Quit the game

Illustrated notes

Levels and vault maps discovered:
D:1:      tarquinn_simple_flora_water_d, layout_rooms

Action                   || total
-------------------------++-------
Melee: Unarmed           ||    17
       Headbutt          ||     2
Armor: Animal skin       ||     6
Dodge: Dodged            ||    19
